Unix NetHack Version 5.0.0-0 post-release - last build May 10 2026 23:12:36 (d1fa5d53e341ca933230fdaa984d921c805b60aa,branch:main).

Game began 2026-05-11 07:10:25, ended 2026-05-11 07:37:24.

ArrBianca, neutral female human Tourist

                        -----------
                        |.........|            -------    -----    ---------
                        |{.(.......           #......-####-....####........|
                        |..>.......###%########|.....|    |.`.|    |.......|
                        -@----+----       #####|.....|    |...-#   ----.----
                         ##                  0#|.)...|    |.<.|#       #
                                              #|.....|    -----#       #
                                              #|.....|         #       #
                                              #-------         #       #
                                              ###########     ##    ####
                                                        #     #  ####
                                                        #     #  #
                                                        ##0   #  #
                                                          #  ##--.---------
                                                              #|..........|
                                                              #|..........|
                                                              #...........|
                                                               ------------

ArrBianca the Sightseer     St:11 Dx:10 Co:14 In:14 Wi:8 Ch:18  Neutral
Dlvl:5  $:388 HP:0(40) Pw:14(16) AC:3  Xp:5 T:2101  Satiated Blind

Latest messages:
 You hit it.
 You kill it!
 You are now most skilled in axe.
 It hits!
 It just misses!
 You hit it.
 It misses!
 You miss it.
 It misses!
 You hit it.
 It hits!
 You kill it!
 It hits!
 You miss it.
 It hits!
 You miss it.
 It hits!
 You miss it.
 It hits!
 You hit it.
 You miss it.
 You miss it.
 It hits!
 You hit it.
 It hits!
 You miss it.
 It hits!
 You miss it.
 You fail to cast the spell correctly.
 It misses!
 It hits!
 You miss it.
 It just misses!
 You kill it!
 You hit it.
 You hit it.
 It hits!
 You miss it.
 You hit it.
 It misses!
 You kill it!
 It hits!
 You miss it.
 It hits!
 You die...
 Do you want your possessions identified? [ynq] (y) n
 Do you want to see your attributes? [ynq] (y) y
 Do you want an account of creatures vanquished? [ynaq] (y) n
 Do you want to see your conduct and achievements? [ynq] (y) y
 Do you want to see the dungeon overview? [ynq] (y) n

Inventory:
 Coins    ('$')
  $ - 388 gold pieces
 Weapons  (')')
  a - 26 +2 darts (at the ready)
  C - a blessed +0 axe (weapon in right hand)
 Armor    ('[')
  D - an uncursed +0 orcish helm (being worn)
  b - an uncursed +0 mummy wrapping
  m - an uncursed +0 Hawaiian shirt with a bird of paradise motif (being worn)
  v - an uncursed +0 banded mail (being worn)
 Comestibles  ('%')
  d - 6 uncursed food rations
 Scrolls  ('?')
  l - a blessed scroll of magic mapping
  k - 3 uncursed scrolls of magic mapping
 Potions  ('!')
  j - an uncursed potion of extra healing
 Rings    ('=')
  s - an uncursed ring of levitation
 Wands    ('/')
  y - a wand of magic missile (0:4)
 Tools    ('(')
  n - an expensive camera (0:94)
  A - an uncursed skeleton key

ArrBianca the Tourist's attributes:

Background:
 You were a Sightseer, a level 5 female human Tourist.
 You were neutral, on a mission for The Lady
 who was opposed by Blind Io (lawful) and Offler (chaotic).
 You were right-handed.
 You were in the Dungeons of Doom, on level 5.
 You entered the dungeon 2101 turns ago.
 You had 212 experience points, 108 more were needed to attain level 6.

Basics:
 You had 0 out of 40 hit points.
 You had 14 out of 16 energy points (spell power).
 Your armor class was 3.
 Your wallet contained 388 zorkmids.
 Autopickup was on for '$?!/="+%' plus thrown, with exceptions.

Final Characteristics:
 Your strength was 11 (limit:18/100).
 Your dexterity was 10 (limit:18).
 Your constitution was 14 (limit:18).
 Your intelligence was 14 (limit:18).
 Your wisdom was 8 (limit:18).
 Your charisma was 18 (limit:18).

Final Status:
 You were temporarily blind.
 You were satiated.
 You were unencumbered.
 You were wielding an axe.
 You had basic skill with axe.

Final Attributes:
 You were piously aligned.
 You were warded.
 Your spell casting was impaired by metallic armor.
 You are dead.

Miscellaneous:
 You didn't encounter any bones levels.
 Total elapsed playing time was 24 minutes and 34 seconds.

Major events:
 Turn
    1: ArrBianca the neutral female human Tourist entered the dungeon
 1218: attained the rank of Sightseer (level 3)
 1572: entered the Gnomish Mines
 2101: killed by a Mordor orc

Spells:
 Name                 Level Category     Fail Retention
 healing                1   healing      100%  76%-100%

Skills:
 Fighting Skills
   bare handed combat [Unskilled]
   two weapon combat  [Unskilled]
   riding             [Unskilled]
 Weapon Skills
   dagger             [Unskilled]
   knife              [Unskilled]
   axe                [Basic]
   pick-axe           [Unskilled]
   short sword        [Unskilled]
   broadsword         [Unskilled]
   long sword         [Unskilled]
   two-handed sword   [Unskilled]
   saber              [Unskilled]
   mace               [Unskilled]
   morning star       [Unskilled]
   flail              [Unskilled]
   hammer             [Unskilled]
   quarterstaff       [Unskilled]
   polearms           [Unskilled]
   spear              [Unskilled]
   trident            [Unskilled]
   lance              [Unskilled]
   bow                [Unskilled]
   sling              [Unskilled]
   crossbow           [Unskilled]
   dart               [Basic]
   shuriken           [Unskilled]
   boomerang          [Unskilled]
   whip               [Unskilled]
   unicorn horn       [Unskilled]
 Spellcasting Skills
   divination spells  [Unskilled]
   enchantment spells [Unskilled]
   escape spells      [Unskilled]

Voluntary challenges:
 Character rerolling was not enabled.
 You never genocided any monsters.
 You never polymorphed an object.
 You never changed form.
 You used no wishes.
Achievements:
 You attained the rank of Sightseer.
 You entered the Gnomish Mines.

 The Dungeons of Doom: levels 1 to 5
    Level 1:
       An altar to The Lady.
    Level 2:
       An altar, a fountain.
    Level 3:
    Level 4:
       Stairs down to The Gnomish Mines.
    Level 5: "stash" <- You were here.
       A fountain.
       Final resting place for
          you, killed by a Mordor orc.
 The Gnomish Mines:
    Level 5:


Vanquished creatures:
  3 Mordor orcs
  a yellow light
  a kobold mummy
  a gray ooze
  a little dog
  3 floating eyes
  a kobold leader
  a rothe
  2 dwarf zombies
 an iguana
  a gas spore
  a hobgoblin
  2 yellow molds
  a gnome zombie
  a gecko
  2 jackals
  a kobold
  a sewer rat
  5 grid bugs
  3 lichens
  a kobold zombie
  6 newts
40 creatures vanquished.

No species were genocided or became extinct.

Game over:
                       ----------
                      /          \
                     /    REST    \
                    /      IN      \
                   /     PEACE      \
                  /                  \
                  |    ArrBianca     |
                  |      388 Au      |
                  |   killed by a    |
                  |    Mordor orc    |
                  |                  |
                  |                  |
                  |       2026       |
                 *|     *  *  *      | *
        _________)/\\_//(\/(/\)/\//\/|_)_______

Aloha ArrBianca the Tourist...

You died in The Dungeons of Doom on dungeon level 5 with 1090 points,
and 388 pieces of gold, after 2101 moves.
You were level 5 with a maximum of 40 hit points when you died.

